 Dungeon Crawl Stone Soup version 0.26.0-16-gc1dbca0489 (webtiles) character file.

Game seed: 970400229197213323

101 zcampers the Cudgeller (level 4, -3/41 HPs)
             Began as a Minotaur Berserker on Jan 20, 2021.
             Was a Believer of Trog.
             Splashed by a jelly's acid (5 damage)
             ... on level 2 of the Dungeon.
             The game lasted 00:02:47 (1865 turns).

zcampers the Cudgeller (Minotaur Berserker)         Turns: 1865, Time: 00:02:47

Health: -3/41      AC:  1    Str: 22    XL:     4   Next: 48%
Magic:  6/12       EV: 11    Int:  5    God:    Trog [**....]
Gold:   132        SH:  0    Dex:  9    Spells: 3/3 levels left

rFire    . . .     SeeInvis .   m - +0 flail
rCold    . . .     Faith    .   (no shield)
rNeg     . . .     Spirit   .   c - +0 ring mail
rPois    .         Reflect  .   (helmet restricted)
rElec    .         Harm     .   (no cloak)
rCorr    .         Rampage  .   (no gloves)
Will     .....                  (no boots)
Stlth    ..........             (no amulet)
HPRegen  0.13/turn              h - ring of magical power
MPRegen  0.13/turn              (no ring)

@: corroded
A: retaliatory headbutt, horns 2
a: Renounce Religion, Berserk, Trog's Hand


You were on level 2 of the Dungeon.
You worshipped Trog.
Trog was pleased with you.
You visited 1 branch of the dungeon, and saw 3 of its levels.

You collected 132 gold pieces.

Inventory:

Hand Weapons
 m - a +0 flail (weapon)
Armour
 c - a +0 ring mail (worn)
Jewellery
 h - a ring of magical power (left hand)
Scrolls
 d - a scroll of identify {unknown}
 f - a scroll of immolation {unknown}
 g - a scroll of fog {unknown}
 i - a scroll of magic mapping {unknown}
 l - a scroll of enchant weapon
Potions
 b - 2 potions of curing
 e - a potion of ambrosia
 j - a potion of heal wounds
 k - 2 potions of invisibility {unknown}


   Skills:
 + Level 4.4 Fighting
 + Level 5.0 Maces & Flails
 + Level 3.3 Armour
 + Level 2.7 Dodging
 + Level 0.2 Stealth


You had 3 spell levels left.
You didn't know any spells.
Your spell library was empty.

Dungeon Overview and Level Annotations

Branches:
Dungeon (3/15)

Altars:
Ashenzari
Cheibriados
Trog


Innate Abilities, Weirdness & Mutations

You reflexively headbutt those who attack you in melee.
You have a pair of horns on your head.


Message History

The rat bites you. The jelly hits you. The acid corrodes you!
You are splashed with acid!
* * * LOW HITPOINT WARNING * * *
The rat closely misses you. The jelly closely misses you.
You climb upwards.
There is a stone staircase leading down here.
You hit the jelly.
Your hands burn!
* * * LOW HITPOINT WARNING * * *
The jelly is lightly wounded.
The rat bites you.
* * * LOW HITPOINT WARNING * * *
The jelly hits you but does no damage.
You barely miss the jelly.
You headbutt the jelly, but do no damage.
The jelly is lightly wounded.
The rat bites you.
* * * LOW HITPOINT WARNING * * *
The jelly closely misses you. You furiously retaliate!
You headbutt the jelly. You thump the jelly!
Your hands burn!
You die...

##.......# #.##<#####.#.###
.........#########)##.# #.#.# #
##....)...†........##†#####.#.###
##.###..#############.##....#.##.
...# #..# #.......#.####....
##.###..# #.#####....######.
#......########.# #...........
#####.........r.# #....#######
####.#########@# #.#.###.....
###....#########J#####.#.# #.####
.......................#.# #.#
###...##################.# #.####
##.## #.# #.#... #.# #.# #.#.##
#.# #.###.#.# #.# #.##....# #.#
#.......#


You could see a jelly and a rat.

Vanquished Creatures
  3 adders (D:2)
  A gnoll (D:1)
  3 worms (D:2)
  A dart slug (D:2)
  3 orcs
  A ball python (D:2)
  3 giant cockroaches
  7 goblins
  8 hobgoblins
  2 jackals (D:2)
  A kobold (D:1)
  2 quokkas (D:2)
  2 bats (D:1)
  A frilled lizard (D:1)
  10 rats
48 creatures vanquished.

Notes
Turn   | Place    | Note
-------+----------+-------------------------------------------
     0 | D:1      | zcampers the Minotaur Berserker began the quest for the
                  | Orb.
     0 | D:1      | Reached XP level 1. HP: 19/19 MP: 0/0
   121 | D:1      | Reached XP level 2. HP: 22/27 MP: 1/1
   126 | D:1      | Reached skill level 4 in Maces & Flails
   664 | D:2      | Reached XP level 3. HP: 16/33 MP: 2/2
   869 | D:2      | Found a snail-covered altar of Cheibriados.
  1187 | D:2      | Found a bloodstained altar of Trog.
  1187 | D:2      | Found a broken altar of Ashenzari.
  1231 | D:2      | Reached ** piety under Trog
  1273 | D:2      | Reached XP level 4. HP: 16/40 MP: 3/3
  1724 | D:2      | Reached skill level 5 in Maces & Flails
  1864 | D:2      | HP: 2/41 [rat (1)]
  1865 | D:2      | Splashed by a jelly's acid

Illustrated notes

Levels and vault maps discovered:
D:1:      dpeg_arrival_rooms_a, layout_rooms
D:2:      layout_loops_ring, kennysheep_slug_shrine,
          gammafunk_temple_overflow_wave
D:3:      layout_rooms

Skill      XL: |  1  2  3  4 |
---------------+-------------+-----
Fighting       | 4 |  4.4
Maces & Flails | 4 5 |  5.0
Armour         | 3 |  3.3
Dodging        | |  2.7
Stealth        | |  0.2

Action                   |  1- 3 |  4- 6 || total
-------------------------+-------+-------++-------
Melee: Mace              |    71 |       ||    71
       Headbutt          |    13 |     8 ||    21
       Flail             |       |    27 ||    27
Invok: Berserk           |     1 |       ||     1
  Use: Potion            |     4 |       ||     4
       Scroll            |     1 |       ||     1
Armor: Ring mail         |    26 |    15 ||    41
Dodge: Dodged            |    48 |    16 ||    64
